 Dungeon Crawl Stone Soup version 0.20.1-1-g8b1a95d (webtiles) character file.

109 Irenicus the Chopper (level 4, 0/40 HPs)
             Began as a Deep Dwarf Berserker on Nov 1, 2017.
             Was a Believer of Trog.
             Slain by Terence
             ... wielding a +0 flail
              (5 damage)
             ... on level 3 of the Dungeon.
             The game lasted 00:04:08 (1124 turns).

Irenicus the Chopper (Deep Dwarf Berserker)         Turns: 1124, Time: 00:04:10

Health: 0/40       AC:  5    Str: 18 (20) XL:     4   Next: 60%
Magic:  4/4        EV: 12    Int:  5 (8)  God:    Trog [**....]
Gold:   47         SH:  0    Dex: 16      Spells: 3/3 levels left

rFire    . . .     SeeInvis .   a - +1 hand axe
rCold    . . .     Gourm    .   (no shield)
rNeg     . . .     Faith    .   g - +0 ring mail
rPois    .         Spirit   .   (no helmet)
rElec    .         Reflect  .   m - -1 cloak (curse)
rCorr    .         Harm     .   (no gloves)
MR       .....     Rnd*Tele +   (no boots)
Stlth    +.........             (no amulet)
Regen    0.0/turn               d - ring of teleportation (curse)
MPRegen  0.1/turn               i - +3 ring of dexterity

@: non-regenerating
A: damage resistance, heal wounds, sense surroundings 1, no regeneration
a: Heal Wounds, Berserk, Trog's Hand, Burn Spellbooks, Renounce Religion


You were on level 3 of the Dungeon.
You worshipped Trog.
Trog was pleased with you.
You were not hungry.

You visited 1 branch of the dungeon, and saw 3 of its levels.

You collected 47 gold pieces.

Inventory:

Hand Weapons
 a - a +1 hand axe (weapon)
Armour
 e - a +0 leather armour
 g - a +0 ring mail (worn)
 m - a cursed -1 cloak (worn)
Jewellery
 d - a cursed ring of teleportation (left hand)
 i - a +3 ring of dexterity (right hand)
 k - an uncursed ring of protection from fire
Wands
 j - a wand of flame (19/48)
Potions
 l - a potion of mutation
Comestibles
 b - a chunk of flesh
 c - a bread ration
 f - a meat ration


   Skills:
 - Level 2.6 Fighting
 + Level 5.9 Axes
 - Level 2.1 Armour
 - Level 2.1 Dodging


You had 3 spell levels left.
You didn't know any spells.

Dungeon Overview and Level Annotations

Branches:
Dungeon (3/15)

Altars:

Annotations:
D:3 Terence


Innate Abilities, Weirdness & Mutations

You are resistant to damage.
You can heal yourself by infusing magical energy.
You passively map a small area around you.
You do not regenerate.


Message History

You see here a rat corpse.
There is a faded altar of an unknown god here.
Done exploring.
Done exploring.
(D) Dungeon
Where to? (Enter - D:2, ? - help)
You see here 2 stones.
There is a stone staircase leading down here.
You climb downwards.
There is a stone staircase leading up here.
Found a stone staircase leading down.
Found a buckler.
You are suddenly yanked towards some nearby monsters!
Your surroundings suddenly seem different.
Terence the Incautious comes into view.
He is wielding a flail.
Terence shouts!
A kobold comes into view.
The kobold shouts!
Terence hits you with a flail!
You die...

, * , ,** ** ,
* , , , , * *
* ,,, ,
*##+#########,
...........#,
. #...K..@...#
.#
#....[.@...#
.+ *
#..........# ,
.# ,
...........# ,
.+ *
*#..........#
* .###...
...........#
.+....
,$.(........#
* .##.[. ,
....########
.##.. * *


You could see Terence and a kobold.

Vanquished Creatures
  Crazy Yiuf (D:2)
  2 adders (D:2)
  An ooze (D:2)
  2 worms (D:2)
  2 dart slugs (D:2)
  2 leopard geckos
  3 bats
  A giant cockroach (D:1)
  4 goblins
  9 hobgoblins
  3 jackals (D:1)
  A quokka (D:2)
  2 frilled lizards (D:1)
  5 kobolds
  8 rats
46 creatures vanquished.

Notes
Turn   | Place    | Note
-------+----------+-------------------------------------------
     0 | D:1      | Irenicus the Deep Dwarf Berserker began the quest for the Orb.
     0 | D:1      | Reached XP level 1. HP: 20/20 MP: 1/1
   153 | D:1      | Reached XP level 2. HP: 24/27 MP: 2/2
   162 | D:1      | Reached skill level 4 in Axes
   538 | D:2      | Found a faded altar of an unknown god.
   543 | D:2      | Reached XP level 3. HP: 22/33 MP: 3/3
   639 | D:2      | Reached ** piety under Trog
   731 | D:2      | Reached skill level 5 in Axes
   899 | D:2      | Found a runed door.
   904 | D:2      | Noticed Crazy Yiuf
   910 | D:2      | Killed Crazy Yiuf
   910 | D:2      | Reached XP level 4. HP: 10/40 MP: 0/4
  1124 | D:3      | Noticed Terence
  1124 | D:3      | Slain by Terence

Skill      XL: |  1  2  3 |
---------------+----------+-----
Axes           | 4 5 |  5.9
Fighting       | |  2.6
Armour         | |  2.1
Dodging        | |  2.1

Action                   |  1- 3 |  4- 6 || total
-------------------------+-------+-------++-------
Melee: Hand axe          |   116 |    19 ||   135
Invok: Berserk           |     4 |       ||     4
  Use: Potion            |     1 |       ||     1
       Scroll            |       |     3 ||     3
  Eat: Chunk             |     3 |     1 ||     4
Armor: Animal skin       |     5 |       ||     5
       Leather armour    |     7 |       ||     7
       Ring mail         |    28 |     4 ||    32
Dodge: Dodged            |    74 |    15 ||    89
